AoeStats
← Gaboto94

Golden Pit

509441663Analyzed
1v1 RM · 23d ago on Sep 26, 2026· 28m 8s· 2 players
Game mode
Random Map
Map size
Tiny (2 player)
Population
200
Speed
Normal
Resources
Standard
Victory
Conquest
Starting age
Dark Age
Ending age
Imperial Age
RankedLock teamsTeams togetherTeam positionsShared explorationLock speedFull tech treeHidden civsTurbo modeCheats
Victory
Defeat
🇨🇴 Hindustanis · Colombia
851
+15
vs
🇺🇸 Chinese · United States
829
-15
Gaboto94
0:33 Loom
13:17 Feudal Age
14:33 Wheelbarrow
14:07 Horse Collar
14:15 Double-Bit Axe
14:32 Town Watch
18:44 Castle Age
18:45 Gold Mining
18:47 Stone Mining
19:53 Bow Saw
20:49 Heavy Plow
21:40 Forging
21:23 Fletching
21:34 Padded Archer Armor
21:37 Scale Mail Armor
22:42 Stone Shaft Mining
22:46 Gold Shaft Mining
21:45 Pikeman
21:55 Crossbowman
23:18 Hand Cart
Fosforito_rua
7:08 Loom
10:12 Feudal Age
10:54 Double-Bit Axe
10:58 Horse Collar
11:21 Town Watch
19:19 Castle Age
17:57 Wheelbarrow
18:02 Fletching
18:12 Padded Archer Armor
21:02 Town Patrol
21:07 Heavy Plow
21:24 Bow Saw
23:24 Bodkin Arrow
Connection lost

Rejoining the realm…

Still unreachable

The connection could not be restored.

Session expired

The server has moved on; the page needs a fresh start.